 Dungeon Crawl Stone Soup version 0.31-a0-819-gf6de2f5ab6 (webtiles) character file.

Game seed: 16414479302750319356

18 adelrune the Sneak (level 2, 16/16 HPs)
             Began as a Spriggan Delver on Sept 23, 2023.
             Got out of the dungeon alive.
             The game lasted 00:03:26 (881 turns).

adelrune the Sneak (Spriggan Delver)                 Turns: 881, Time: 00:03:27

Health: 16/16      AC:  2    Str:  8    XL:     2   Next: 48%
Magic:  3/3        EV: 17    Int: 11    God:
Gold:   18         SH:  0    Dex: 16    Spells: 1/1 levels left

rFire   . . .        a - +0 short sword
rCold   . . .        (no shield)
rNeg    . . .        b - +0 robe
rPois   .            (helmet restricted)
rElec   .            (no cloak)
rCorr   .            (gloves unavailable)
SInv    +            (boots unavailable)
Will    .....        (no amulet)
Stlth   ++++         (no ring)
HPRegen 0.22/turn    (no ring)
MPRegen 0.08/turn

%: no passive effects
@: very quick
A: very small, no large weapons, unfitting armour, see invisible, speed 3
a: no special abilities


You escaped.
You visited 1 branch of the dungeon, and saw 5 of its levels.

You collected 18 gold pieces.

Inventory:

Hand Weapons
 a - a +0 short sword (weapon)
Armour
 b - a +0 robe (worn)
Jewellery
 l - an amulet of faith
Wands
 g - a wand of digging (3)
 h - a wand of polymorph (6)
 i - a wand of flame (10)
Scrolls
 c - a scroll of fog
 d - a scroll of revelation
 e - a scroll of fear
 k - a scroll of identify {unknown}
 m - a scroll of teleportation {unknown}
Potions
 f - a potion of haste
 j - 2 potions of curing {unknown}


   Skills:
 + Level 2.8 Fighting
 + Level 2.7 Short Blades
 + Level 3.0 Dodging
 - Level 7.2 Stealth


You had one spell level left.
You didn't know any spells.
Your spell library was empty.

Dungeon Overview and Level Annotations

Branches:
Dungeon (5/15)
 Temple: D:4-7

Altars:

Shops:
D:4 [

Annotations:
D:3 3 runed translucent doors, Kurtz's ghost, amateur OpFi


Innate Abilities, Weirdness & Mutations

You are very small and have problems with some larger weapons.
You are too small for most types of armour.
You have supernaturally acute eyesight. (SInv)
You cover ground extremely quickly. (Speed+++)


Message History

The endoplasm is moderately wounded.
The endoplasm freezes you.
You are frozen.
You hit the endoplasm.
The endoplasm is severely wounded.
The endoplasm freezes you.
You are frozen.
You barely miss the endoplasm.
The endoplasm is severely wounded.
The endoplasm closely misses you.
You hit the endoplasm.
You kill the endoplasm!
You start resting.
HP restored.
You open the gate.
Found a spear.
There is an open gate here.
You open the door.
There is an open door here.
You open the door.
Found a stone.
Found an escape hatch in the floor.
Found a staircase leading out of the dungeon.
There is an open door here.
There is a staircase leading out of the dungeon here.
There is an escape hatch in the floor here.
You open the door.
There is an open door here.
There is an escape hatch in the floor here.
There is a staircase leading out of the dungeon here.
You open the door.
There is an open door here.
There is an open door here.
There is a staircase leading out of the dungeon here.
You open the door.
Found a ring mail.
There is an open door here.
You see here a +0 ring mail.
There is an open door here.
There is a staircase leading out of the dungeon here.
You have escaped!

#
#.§§§#§§.)#.....J.....
#....#....###.########
##.......## #... ###
####'#### ##### ##..#
##8.8## #..## #....#
###§### #..≈.#
#....###.§§§.###.~~.#.
#....#≈#(....#≈#.≈~≈#.
#.°..#.'.>@..'[#~~≈≈#.
#....#§#.....#~#.≈≈≈#.
#....###.....###.~≈.##
#....# ###'### #..~.#
##..# #...# #..## ###
####### ### #...#...#
#..#......#
#.........#


There were no monsters in sight!

Vanquished Creatures
  3 endoplasms
  2 goblins (D:1)
  3 jackals (D:2)
  4 ball pythons
  2 bats (D:1)
  2 frilled lizards
  A rat (D:2)
17 creatures vanquished.

Notes
Turn   | Place    | Note
-------+----------+-------------------------------------------
     0 | D:5      | adelrune the Spriggan Delver began the quest for the Orb.
     0 | D:5      | Reached XP level 1. HP: 11/11 MP: 2/2
    32 | D:4      | Noticed a jelly
    41 | D:4      | Found Epeap's Armour Boutique.
   120 | D:3      | Noticed Kurtz's ghost (amateur OpFi)
   128 | D:3      | Found a runed translucent gate.
   128 | D:3      | Found a runed translucent gate.
   128 | D:3      | Found a runed translucent gate.
   557 | D:1      | Reached XP level 2. HP: 16/16 MP: 3/3
   881 | D:$      | Got out of the dungeon alive.

Illustrated notes

Levels and vault maps discovered:
D:1:      shiori_arrival_elements, layout_rooms, minmay_misc_feat_enclosed,
          nicolae_wormholes
D:2:      layout_loops_corners, basic_altar
D:3:      layout_loops_corners, gammafunk_ghost_split, hangedman_feature_mirror,
          uniq_terence, uniq_crazy_yiuf_cottage
D:4:      layout_loops_ring, serial_shops, nicolae_shop_just_a_little_nook,
          chequers_avenue, kennysheep_generic_room_8
D:5:      minmay_skewed_foursquare, layout_cave_pods, uniq_sigmund,
          uniq_eustachio

Skill      XL: |  1  2 |
---------------+-------+-----
Dodging        | 3 |  3.0
Fighting       | |  2.8
Short Blades   | |  2.7
Stealth        | |  7.2

Action                     || total
---------------------------++-------
  Melee: Short sword       ||    47
   Stab: Sleeping          ||     8
 Armour: Robe              ||    11
  Dodge: Dodged            ||    33

Table legend: (Time is in decaauts)
 A = Elapsed time spent in this place.
 B = Non-inter-level travel time spent in this place.
 C = Inter-level travel time spent in this place.
 D = Time resting spent in this place.
 E = Time spent auto-exploring this place.
 F = Levels seen in this place.
 G = Mean time per level.
                   A        B        C        D        E       F      G
               +--------+--------+--------+--------+--------+-----+--------+
         Total |    578 |    578 |      0 |     41 |    165 |   5 |  115.6 |
       Dungeon |    578 |    578 |      0 |     41 |    165 |   5 |  115.6 |
               +--------+--------+--------+--------+--------+-----+--------+

Top non-repeatable levels by time:
     D:1: 225 daAuts
     D:2: 187 daAuts
     D:3: 120 daAuts
     D:4: 25 daAuts
     D:5: 20 daAuts
